 Dungeon Crawl Stone Soup version 0.21.1-1-g345015fe64 (webtiles) character file.

148459 Gargoyl the Severer (level 16, 0/211 HPs)
             Began as a Centaur Abyssal Knight on July 31, 2018.
             Was a High Priest of Lugonu.
             Succumbed to a naga mage's splash of poison
             ... on level 4 of the Snake Pit.
             The game lasted 01:10:39 (43523 turns).

Gargoyl the Severer (Centaur Abyssal Knight)       Turns: 43523, Time: 01:10:40

Health: 0/211      AC: 31    Str: 27    XL:     16   Next: 94%
Magic:  18/26      EV:  1    Int: 14    God:    Lugonu [*****.]
Gold:   2511       SH: 17    Dex: 11    Spells: 15/15 levels left

rFire    + . .     SeeInvis .   t - +6 war axe
rCold    . . .     Gourm    .   U - +0 large shield
rNeg     . . .     Faith    .   d - +5 crystal plate armour
rPois    .         Spirit   .   z - +2 helmet {Int+3}
rElec    +         Reflect  .   L - +2 cloak {rF+}
rCorr    .         Harm     .   g - +0 pair of gloves
MR       +....                  (no barding)
Stlth    ..........             i - amulet of regeneration
HPRegen  0.85/turn              J - ring of poison resistance
MPRegen  0.20/turn              y - +4 ring of slaying

@: berserking, lethally poisoned (0 -> -25), poison vulnerable, very quick
A: large, hooves 3, deformed body, speed 2, mutation resistance 1, electricity
resistance, strong 1, tough skin 3, MP-powered wands
a: Depart the Abyss, Bend Space, Banish, Corrupt, Enter the Abyss, Renounce
Religion


You were on level 4 of the Snake Pit.
You worshipped Lugonu.
Lugonu was extremely pleased with you.
You were very hungry.

You visited 4 branches of the dungeon, and saw 27 of its levels.
You visited the Abyss 3 times.
You also visited: Ossuary and Volcano.

You collected 2855 gold pieces.
You spent 344 gold pieces at shops.

Inventory:

Hand Weapons
 a - a +3 hand axe
 r - a +0 broad axe
 t - a +6 war axe (weapon)
 H - a +0 war axe of venom
Missiles
 X - 10 tomahawks of returning (quivered)
Armour
 d - a +5 crystal plate armour (worn)
 g - a +0 pair of gloves (worn)
 z - a +2 helmet of intelligence (worn)
 L - a +2 cloak of fire resistance (worn)
 U - a +0 large shield (worn)
Jewellery
 h - an uncursed ring of magical power
 i - an amulet of regeneration (around neck)
 m - an uncursed ring of see invisible
 p - a +4 ring of dexterity
 u - an uncursed ring of resist corrosion
 y - a +4 ring of slaying (right hand)
 J - a ring of poison resistance (left hand)
 V - an uncursed ring of protection from cold
Wands
 l - a wand of enslavement (24)
 o - a wand of clouds (4)
 s - a wand of random effects (62)
 B - a wand of acid (19)
 C - a wand of digging (35)
 G - a wand of disintegration (33)
 N - a wand of paralysis (34)
 P - a wand of iceblast (28)
Scrolls
 f - 3 scrolls of magic mapping
 x - a scroll of silence
 E - 10 scrolls of remove curse
 F - 3 scrolls of teleportation
 S - 7 scrolls of identify
Potions
 b - 3 potions of magic
 e - 4 potions of might
 j - 2 potions of flight
 q - 4 potions of resistance
 w - 2 potions of agility
 A - a potion of mutation
 K - 3 potions of cancellation
 M - a potion of haste
 Q - a potion of brilliance
Books
 k - a book of Misfortune

   Spells                             Type                      Level
   a - Confusing Touch                Hexes                        1
   b - Confuse                        Hexes                        3
   c - Gell's Gravitas                Translocation                3
   d - Petrify                        Transmutation/Earth          4
   e - Metabolic Englaciation         Hexes/Ice                    5
   f - Yara's Violent Unravelling     Hexes/Transmutation          5
 n - a book of Changes

   Spells                             Type                      Level
   a - Beastly Appendage              Transmutation                1
   b - Sticks to Snakes               Transmutation                2
   c - Spider Form                    Transmutation/Poison         3
   d - Ice Form                       Ice/Transmutation            4
   e - Blade Hands                    Transmutation                5
 D - a book of Air

   Spells                             Type                      Level
   a - Shock                          Conjuration/Air              1
   b - Swiftness                      Charms/Air                   2
   c - Static Discharge               Conjuration/Air              3
   d - Airstrike                      Air                          4
   e - Lightning Bolt                 Conjuration/Air              5
 I - a book of Party Tricks

   Spells                             Type                      Level
   a - Summon Butterflies             Summoning                    1
   b - Apportation                    Translocation                1
   c - Lesser Beckoning               Translocation                3
   d - Tukima's Dance                 Hexes                        3
   e - Alistair's Intoxication        Transmutation/Poison         5
   f - Invisibility                   Hexes                        6
 W - Roxanne's Disquisition on Clay
   (You took it off Roxanne on level 2 of the Snake Pit)

   Spells                             Type                      Level
   a - Sandblast                      Earth                        1
   b - Passwall                       Transmutation/Earth          2
   c - Stone Arrow                    Conjuration/Earth            3
   d - Iron Shot                      Conjuration/Earth            6
   e - Statue Form                    Transmutation/Earth          6
Miscellaneous
 O - a lightning rod (4/4)
Comestibles
 c - 25 rations


   Skills:
 + Level 12.5 Fighting
 + Level 15.9 Axes
 + Level 2.9 Throwing
 * Level 12.8 Armour
 + Level 0.6 Dodging
 + Level 6.7 Shields
 * Level 13.3 Invocations
 + Level 1.5 Evocations


You had 15 spell levels left.
You didn't know any spells.

Dungeon Overview and Level Annotations

Branches:
Dungeon (15/15)            Temple (0/1) D:4            Lair (6/6) D:10
  Swamp (0/4) Lair:4        Snake (4/4) Lair:3        Slime (0/5) Lair:5
    Orc (2/2) D:9             Elf (0/3) Orc:2        Vaults (0/5) D:14
 Depths (0/5) D:15

Altars:
Dithmenos
Elyvilon
Makhleb
Qazlal
Yredelemnul
Zin
The Shining One
Beogh
Jiyva

Shops:
Orc:2 [}(*   Snake:2 }==

Annotations:
D:6 1 runed door
Snake:3 Storetsch's ghost, adept GrBe


Innate Abilities, Weirdness & Mutations

You have hooves in place of feet.
Armour fits poorly on your strangely shaped body.
You cover ground very quickly.
You have extremely tough skin. (AC +3)
You are somewhat resistant to further mutation.
You are resistant to electric shocks. (rElec)
Your muscles are strong. (Str +2)
You expend magic power (3 MP) to strengthen your wands.


Message History

The splash of poison hits you!
You are more poisoned.
* * * LOW HITPOINT WARNING * * *
The naga mage constricts you.
You slice the naga mage!!
You kill the naga mage!
Lugonu accepts your kill.
* * * LOW HITPOINT WARNING * * *
You feel sick.
The naga mage hits you but does no damage.
Unknown command.
* * * LOW HITPOINT WARNING * * *
You feel sick.
Items here: ( )) [ † a robe; an uncursed arbalest; an uncursed glaive of protection; 23 bolts a naga corpse You slash the naga mage!
The naga mage is moderately wounded.
Your surroundings suddenly seem different.
You die...

.## #....# ###.......# ...##
#....# #.....##### ....#
#.########......# .#..# #.#
#.##......# ....# #.#
###.........# ....# #.#
#.........### ....#
#.###.........## # N#######
####.#.........#..# #
§).....###.).)#.@)..######.# #
.NN.##.....).)..)<.## #.######
....).........###÷..# #..##...
..#.NS.##.###..(....# ##....).
.##...(...# #.###...## ####.....
...)......###........####......#.
....###.(.......##.#...##.....##.
..............#....N...##........
#########..).).........####......


You could see a naga sharpshooter (wandering).

Vanquished Creatures
  Roxanne (Snake:2)
  5 nagarajas
  A fire giant (D:15)
  2 orc warlords
  Erolcha (D:12)
  Fannar (Orc:1)
  12 naga warriors
  A catoblepas (Lair:6)
  8 anacondas
  Erica (D:8)
  A deep troll shaman (Lair:6)
  6 orc high priests
  6 two-headed ogres
  Urug (D:13)
  A tengu warrior (D:14)
  13 death yaks
  7 shock serpents
  9 naga sharpshooters
  Nergalle (Lair:4)
  Sonja (Lair:3)
  A hell knight (Volcano)
  5 sea snakes (Snake:3)
  6 naga ritualists
  An unseen horror (D:15)
  3 orc knights (Orc:2)
  A wolf spider zombie (D:15)
  A lindwurm (Lair:6)
  A swamp dragon (Lair:4)
  A necromancer (D:14)
  7 mana vipers
  7 orc sorcerers (Orc:2)
  A deep elf mage (D:13)
  8 ugly things
  A manticore (D:13)
  14 elephants
  4 salamanders
  5 cyclopes
  3 guardian serpents
  14 naga magi
  23 black mambas
  A smoke demon (Volcano)
  6 spiny frogs
  4 kobold demonologists
  3 komodo dragons
  12 rime drakes
  A troll (shapeshifter) (D:15)
  A jumping spider (shapeshifter) (D:13)
  2 wind drakes (shapeshifter)
  A tengu conjurer (D:14)
  15 trolls
  2 polar bears
  13 blink frogs
  A raiju (shapeshifter) (D:13)
  8 hippogriffs
  4 raiju (Abyss:1)
  5 dream sheep (Lair:6)
  Sigmund (D:6)
  An air elemental (Abyss:1)
  A shadow (D:13)
  A wraith (D:15)
  4 wyverns
  3 hogs (D:11)
  7 fire bats (Volcano)
  18 yaks
  2 basilisks
  A human (D:11)
  5 steam dragons
  2 hungry ghosts
  7 wargs
  27 nagas
  An acid dragon (D:11)
  A soldier ant (D:11)
  9 porcupines
  12 water moccasins
  3 hell hounds (Volcano)
  48 orc warriors
  Purgy (D:4)
  6 black bears
  3 sky beasts
  2 ice beasts
  A phantom (D:9)
  20 ogres
  2 necrophages
  18 wolves
  9 centaurs
  12 crocodiles
  A big kobold (D:7)
  2 gnoll sergeants
  20 bullfrogs
  A scorpion (D:11)
  27 wights
  17 killer bees
  6 electric eels
  6 howler monkeys
  6 crimson imps
  7 lava snakes (Volcano)
  A quasit (D:12)
  A human zombie (Ossuary)
  49 orc priests
  2 centaur zombies
  10 hounds
  8 jellies
  A bullfrog skeleton (D:6)
  6 centaur skeletons
  22 orc wizards
  Natasha (twice) (D:2)
  6 iguanas
  A hell rat (D:10)
  13 worker ants
  3 hound zombies
  A hound skeleton (D:6)
  4 mummies (Ossuary)
  A worker ant zombie (D:7)
  A howler monkey zombie (D:10)
  3 howler monkey skeletons
  17 gnolls
  A river rat (D:10)
  18 adders
  2 shadow imps
  3 oozes (Lair:5)
  An ufetubus (Abyss:1)
  2 adder zombies (Ossuary)
  3 worms (D:3)
  A dart slug (D:1)
  9 leopard geckos
  135 orcs
  2 ball pythons
  4 bats
  2 giant cockroaches
  2 gnoll zombies (Ossuary)
  A goblin (D:1)
  4 hobgoblins
  16 kobolds
  4 quokkas
  5 frilled lizards
  A giant cockroach zombie (D:6)
  A goblin zombie (Ossuary)
  A jackal skeleton (D:8)
  A jackal zombie (Ossuary)
  2 kobold zombies
  4 orc zombies
  11 rats
  5 fungi
  A plant (Snake:3)
980 creatures vanquished.

Vanquished Creatures (others)
  A fire dragon (Lair:4)
  2 hydras
  A naga ritualist (Snake:4)
  4 oklob plants (Lair:6)
  2 naga magi (Snake:4)
  A yak (Lair:4)
  A steam dragon (Lair:4)
  2 nagas (Snake:3)
  A wolf (Lair:4)
  An orc priest (D:9)
  11 fungi
  7 plants
34 creatures vanquished.

Grand Total: 1014 creatures vanquished

Notes
Turn   | Place    | Note
-------+----------+-------------------------------------------
     0 | Abyss:1  | Gargoyl the Centaur Abyssal Knight began the quest for the Orb.
     0 | Abyss:1  | Reached XP level 1. HP: 19/19 MP: 2/2
    17 | Abyss:1  | Found a snail-covered altar of Cheibriados.
    35 | Abyss:2  | Noticed a raiju
    50 | Abyss:3  | Noticed a tentacled monstrosity
    55 | D:1      | Escaped the Abyss
   296 | D:1      | Reached skill level 2 in Axes
   296 | D:1      | Reached XP level 2. HP: 25/26 MP: 3/3
   837 | D:2      | Reached * piety under Lugonu
   837 | D:2      | Reached XP level 3. HP: 33/33 MP: 4/4
  1139 | D:2      | Noticed Natasha
  1158 | D:2      | Killed Natasha
  1158 | D:2      | Reached XP level 4. HP: 27/40 MP: 5/5
  1756 | D:2      | Noticed Natasha
  1768 | D:2      | Killed Natasha
  2308 | D:3      | Reached XP level 5. HP: 46/46 MP: 6/6
  2323 | D:3      | Found a white marble altar of Elyvilon.
  2323 | D:3      | Found a glowing golden altar of the Shining One.
  2324 | D:3      | Found a glowing silver altar of Zin.
  2400 | D:3      | Reached skill level 3 in Axes
  2824 | D:3      | Reached ** piety under Lugonu
  3370 | D:4      | Noticed Purgy
  3387 | D:4      | Killed Purgy
  3387 | D:4      | Reached XP level 6. HP: 49/53 MP: 7/7
  3527 | D:3      | Reached skill level 4 in Axes
  4459 | D:4      | Reached XP level 7. HP: 6/60 MP: 8/8
  4762 | D:4      | Found a stormy altar of Qazlal.
  5036 | D:4      | Found a staircase to the Ecumenical Temple.
  5112 | D:5      | Entered Level 5 of the Dungeon
  5138 | D:5      | Reached skill level 5 in Fighting
  5237 | D:5      | Reached skill level 5 in Axes
  5949 | D:5      | Found a burning altar of Makhleb.
  6040 | D:5      | Reached XP level 8. HP: 7/69 MP: 9/9
  6415 | D:6      | Found a runed door.
  6433 | D:6      | Found a basalt altar of Yredelemnul.
  6707 | D:6      | Reached skill level 6 in Axes
  6845 | D:6      | Found a sand-covered staircase.
  6854 | Ossuary  | Entered an ossuary
  6865 | Ossuary  | Reached *** piety under Lugonu
  7158 | D:6      | Noticed Sigmund
  7164 | D:6      | Killed Sigmund
  7164 | D:6      | Reached skill level 7 in Axes
  7352 | D:6      | Reached XP level 9. HP: 66/78 MP: 10/10
  7356 | D:6      | Reached skill level 5 in Armour
  7714 | D:6      | Reached skill level 8 in Axes
  8642 | D:7      | Reached **** piety under Lugonu
  8699 | D:7      | Reached skill level 1 in Shields
  9834 | D:8      | Noticed a two-headed ogre
  9887 | D:7      | Reached skill level 1 in Evocations
  9965 | D:7      | Reached skill level 9 in Axes
 10234 | D:7      | Reached XP level 10. HP: 19/86 MP: 11/11
 10784 | D:8      | Noticed Erica
 11146 | D:8      | Killed Erica
 11463 | D:8      | Killed a two-headed ogre
 11734 | D:9      | Reached ***** piety under Lugonu
 11758 | D:9      | Reached skill level 10 in Axes
 12449 | D:9      | Found a staircase to the Orcish Mines.
 12946 | D:9      | Found a roughly hewn altar of Beogh.
 13030 | D:10     | Entered Level 10 of the Dungeon
 13037 | D:10     | Noticed a two-headed ogre
 13053 | D:10     | Killed a two-headed ogre
 13053 | D:10     | Reached XP level 11. HP: 58/94 MP: 14/14
 13195 | D:10     | Noticed a two-headed ogre
 13204 | D:10     | Killed a two-headed ogre
 13417 | D:10     | Reached skill level 1 in Throwing
 13422 | D:10     | Reached skill level 5 in Invocations
 13953 | D:10     | Found a staircase to the Lair.
 14159 | D:10     | Noticed a death yak
 14160 | D:10     | Noticed a death yak
 14161 | D:10     | Noticed a death yak
 14205 | D:10     | Killed a death yak
 14212 | D:10     | Killed a death yak
 14212 | D:10     | Reached skill level 11 in Axes
 14219 | D:10     | Killed a death yak
 14619 | Lair:1   | Entered Level 1 of the Lair of Beasts
 14683 | Lair:1   | Noticed a four-headed hydra
 14689 | Lair:1   | Banished a four-headed hydra
 16037 | Lair:2   | Reached XP level 12. HP: 103/104 MP: 16/16
 17687 | Lair:3   | Noticed a death yak
 17688 | Lair:3   | Noticed a death yak
 17690 | Lair:3   | Noticed a death yak
 17692 | Lair:3   | Noticed a death yak
 17693 | Lair:3   | Noticed a death yak
 17694 | Lair:3   | Noticed a death yak
 17715 | Lair:3   | Killed a death yak
 17721 | Lair:3   | Killed a death yak
 17721 | Lair:3   | Reached skill level 12 in Axes
 17726 | Lair:3   | Killed a death yak
 17730 | Lair:3   | Killed a death yak
 17736 | Lair:3   | Killed a death yak
 17744 | Lair:3   | Killed a death yak
 18148 | Lair:3   | Noticed a seven-headed hydra
 18154 | Lair:3   | Banished a seven-headed hydra
 18369 | Lair:3   | Noticed Sonja
 18373 | Lair:3   | Cast into level 2 of the Abyss (Sonja)
 18402 | Lair:3   | Escaped the Abyss
 18651 | Lair:3   | Found a staircase to the Snake Pit.
 18994 | Lair:3   | Killed Sonja
 19244 | Lair:4   | Reached XP level 13. HP: 88/113 MP: 18/18
 19298 | Lair:4   | Noticed Nergalle
 19309 | Lair:4   | Killed Nergalle
 19857 | Lair:4   | Reached skill level 10 in Fighting
 20259 | Lair:4   | Found a staircase to the Swamp.
 20575 | Lair:4   | Reached skill level 10 in Armour
 20600 | Lair:4   | HP: 4/113 [rime drake/flash freeze (16)]
 21139 | Lair:4   | Noticed a fire dragon
 21150 | Lair:4   | Banished a fire dragon
 21570 | Lair:4   | Got a pitted morningstar
 21577 | Lair:4   | Identified the cursed +2 morningstar "Appewoakyuf" {drain, *Contam Dex+6 Stlth+} (You found it on level 4 of the Lair of Beasts)
 21621 | Lair:4   | Gained mutation: You are weak. (Str -2) [mutagenic glow]
 21914 | Lair:5   | Found a dark tunnel.
 21937 | Volcano  | Entered a volcano
 22556 | Volcano  | Reached skill level 13 in Axes
 22849 | Volcano  | Found a bloodstained altar of Trog.
 22898 | Volcano  | Found a bloodstained altar of Trog.
 23479 | Lair:5   | Found a runed door.
 23479 | Lair:5   | Found a viscous altar of Jiyva.
 23480 | Lair:5   | Found a staircase to the Slime Pits.
 23647 | Lair:6   | Entered Level 6 of the Lair of Beasts
 24401 | Lair:6   | Reached skill level 10 in Invocations
 24703 | Lair:6   | Reached XP level 14. HP: 110/122 MP: 21/21
 27013 | D:11     | Found a transporter.
 27026 | D:11     | Found a transporter.
 27051 | D:11     | Got a scorched hat
 27077 | D:11     | Identified the cursed -6 hat "Inobbics" {rC+} (You found it on level 11 of the Dungeon)
 27102 | D:11     | Lost mutation: You are weak. (Str -2) [potion of mutation]
 27102 | D:11     | Gained mutation: Your flesh is heat resistant. (rF+) [potion of mutation]
 27102 | D:11     | Gained mutation: Your flesh is very heat resistant. (rF++) [potion of mutation]
 27102 | D:11     | Gained mutation: Your spells are a little harder to cast, but a little more powerful. [potion of mutation]
 27103 | D:11     | Lost mutation: Your spells are a little harder to cast, but a little more powerful. [potion of mutation]
 27103 | D:11     | Lost mutation: Your flesh is very heat resistant. (rF++) [potion of mutation]
 27103 | D:11     | Gained mutation: You are resistant to electric shocks. (rElec) [potion of mutation]
 27103 | D:11     | Gained mutation: You occasionally shout uncontrollably at your foes. [potion of mutation]
 27103 | D:11     | Gained mutation: Your flesh is very heat resistant. (rF++) [potion of mutation]
 27540 | D:12     | Noticed Erolcha
 27550 | D:12     | Killed Erolcha
 28702 | D:13     | Noticed Urug
 28715 | D:13     | Killed Urug
 29234 | D:13     | Reached ****** piety under Lugonu
 29501 | D:13     | Reached skill level 14 in Axes
 29999 | D:14     | Found a gate to the Vaults.
 30710 | D:15     | Entered Level 15 of the Dungeon
 31456 | D:15     | Found a staircase to the Depths.
 31456 | D:15     | Noticed a fire giant
 31490 | D:15     | Killed a fire giant
 32349 | Orc:1    | Entered Level 1 of the Orcish Mines
 32349 | Orc:1    | Noticed Fannar
 32371 | Orc:1    | Killed Fannar
 32371 | Orc:1    | Reached XP level 15. HP: 73/130 MP: 23/23
 32671 | Orc:2    | Entered Level 2 of the Orcish Mines
 33172 | Orc:1    | Noticed an orc warlord
 33216 | Orc:1    | Killed an orc warlord
 34146 | Orc:1    | Found a roughly hewn altar of Beogh.
 34643 | Orc:2    | Found a roughly hewn altar of Beogh.
 35062 | Orc:2    | Found Qeyfer's Antique Weapon Boutique.
 35151 | Orc:2    | Found Suachyol's General Store.
 35634 | Orc:2    | Found a staircase to the Elven Halls.
 35945 | Orc:2    | Found Rebu Qim's Gadget Emporium.
 36224 | Orc:2    | Noticed an orc warlord
 36578 | Orc:2    | Killed an orc warlord
 36702 | Orc:2    | Found a roughly hewn altar of Beogh.
 36883 | Orc:2    | Found Xoutar's Armour Shoppe.
 37017 | Orc:2    | Bought a +2 helmet of intelligence for 344 gold pieces
 37406 | Snake:1  | Entered Level 1 of the Snake Pit
 37593 | Snake:1  | Reached skill level 15 in Axes
 37606 | Snake:1  | Reached skill level 5 in Shields
 38751 | Snake:2  | Noticed Roxanne
 38802 | Snake:2  | Killed Roxanne
 38803 | Snake:2  | Identified Roxanne's Disquisition on Clay (You took it off Roxanne on level 2 of the Snake Pit)
 39296 | Snake:2  | Found Kaqueghe's Gadget Emporium.
 39296 | Snake:2  | Found Zukifreo's Jewellery Boutique.
 39297 | Snake:2  | Found Runoox's Jewellery Boutique.
 39381 | Snake:2  | Reached XP level 16. HP: 135/139 MP: 25/25
 39551 | Snake:3  | Noticed Storetsch's ghost (adept GrBe)
 39605 | Snake:3  | Found a shadowy altar of Dithmenos.
 40029 | Snake:3  | Lost mutation: You occasionally shout uncontrollably at your foes. [potion of mutation]
 40029 | Snake:3  | Lost mutation: Your flesh is very heat resistant. (rF++) [potion of mutation]
 40029 | Snake:3  | Lost mutation: Your flesh is heat resistant. (rF+) [potion of mutation]
 40029 | Snake:3  | Gained mutation: Your muscles are strong. (Str +2) [potion of mutation]
 40029 | Snake:3  | Gained mutation: You expend magic power (3 MP) to strengthen your wands. [potion of mutation]
 40029 | Snake:3  | Gained mutation: You are somewhat resistant to further mutation. [potion of mutation]
 40367 | Abyss:1  | HP: 6/139 [poisoned by a nagaraja (splash of poison)]
 40582 | Snake:3  | Escaped the Abyss
 41675 | Snake:4  | Entered Level 4 of the Snake Pit
 43519 | Snake:4  | HP: 9/211 [naga mage (2)]
 43520 | Snake:4  | HP: 3/211 [naga mage/splash of poison (4)]
 43522 | Snake:4  | HP: 1/211 [poisoned by a naga mage (splash of poison)]
 43523 | Snake:4  | Succumbed to a naga mage's splash of poison

Skill      XL: |  1  2  3  4  5  6  7  8  9 10 11 12 13 14 15 16 |
---------------+-------------------------------------------------+-----
Axes           | 2 3 4 5 7 9 10 11 12 13 14 15 | 15.9
Armour         | 2 3 4 6 7 8 9 10 11 12 | 12.8
Fighting       | 4 5 6 7 8 9 10 11 12 | 12.5
Shields        | 1 2 4 5 6 |  6.7
Evocations     | 1 |  1.5
Invocations    | 4 6 7 10 11 12 13 | 13.3
Throwing       | 1 2 |  2.9
Dodging        | |  0.6

Action                   |  1- 3 |  4- 6 |  7- 9 | 10-12 | 13-15 | 16-18 || total
-------------------------+-------+-------+-------+-------+-------+-------++-------
Melee: Hand axe          |    76 |   157 |   148 |       |       |       ||   381
       Kick              |     6 |    29 |   111 |   162 |   447 |   156 ||   911
       War axe           |       |       |   271 |   592 |  1586 |   494 ||  2943
Throw: Tomahawk          |       |       |     1 |    22 |     3 |     5 ||    31
Invok: Depart the Abyss  |     1 |       |       |     1 |       |     1 ||     3
       Banish            |       |       |       |     5 |    13 |     6 ||    24
       Bend Space        |       |       |       |       |       |     2 ||     2
       Enter the Abyss   |       |       |       |       |       |     1 ||     1
Evoke: Wand              |       |       |     1 |     3 |       |     3 ||     7
  Use: Potion            |     1 |     2 |     1 |    11 |     5 |    13 ||    33
       Scroll            |     1 |     3 |     9 |     5 |    20 |     7 ||    45
 Stab: Petrified         |       |       |       |       |     8 |       ||     8
  Eat: Chunk             |       |     8 |    13 |    13 |    17 |     4 ||    55
       Ration            |       |       |     1 |     6 |    13 |     3 ||    23
Armor: Crystal plate arm |   104 |   149 |   504 |   589 |  1301 |   393 ||  3040
       Skin              |       |     5 |       |       |       |       ||     5
Dodge: Dodged            |     1 |     8 |    20 |    29 |    80 |     8 ||   146
Block: Buckler           |       |       |    54 |   134 |   109 |       ||   297
       Large shield      |       |       |       |       |   679 |   408 ||  1087
